 Dungeon Crawl Stone Soup version 0.18.1-48-g4cf74bf (webtiles) character file.

309 Eukament the Cleaver (level 6, -2/51 HPs)
             Began as a Hill Orc Chaos Knight on Aug 7, 2016.
             Slain by baghtru's ghost (6 damage)
             ... on level 3 of the Dungeon.
             The game lasted 00:09:14 (2312 turns).

Eukament the Cleaver (Hill Orc Chaos Knight)        Turns: 2312, Time: 00:09:15

Health: -2/51      AC:  8    Str: 17    XL:     6   Next: 41%
Magic:  6/6        EV: 10    Int: 12    God:    Xom [.*....]
Gold:   123        SH:  0    Dex: 10    Spells: 0 memorised, 5 levels left

rFire  + . .     SeeInvis .     a - +1 hand axe (chaos)
rCold  . . .     Gourm    .     g - +1 ring mail {rF+}
rNeg   . . .     Faith    .     (no shield)
rPois  .         Spirit   .     e - +0 helmet
rElec  .         Dismiss  .     (no cloak)
rCorr  .         Reflect  .     (no gloves)
SustAt .         Harm     .     h - +0 pair of boots
MR     .....                    (no amulet)
Stlth  +.........               (no ring)
                                (no ring)

@: exhausted, slowed, very slow, not resistant to hostile enchantments, very
unstealthy
A: no striking features
a: Renounce Religion


You were on level 3 of the Dungeon.
You worshipped Xom.
You were a plaything of Xom.
You were full.

You visited 1 branch of the dungeon, and saw 3 of its levels.

You collected 123 gold pieces.

Inventory:

Hand Weapons
 a - a +1 hand axe of chaos (weapon)
 m - a +0 scythe of venom
Armour
 b - a +2 leather armour
 e - a +0 helmet (worn)
 g - a +1 ring mail of fire resistance (worn)
 h - a +0 pair of boots (worn)
Jewellery
 j - an uncursed amulet of guardian spirit {unknown}
Scrolls
 d - a scroll of identify
 p - a scroll of recharging
Potions
 f - 2 potions of flight {unknown}
 k - a potion of ambrosia {unknown}
 n - a potion of agility {unknown}
 q - a potion of mutation {unknown}
Books
 o - a book of Unlife

   Spells                             Type                      Level
   a - Recall                         Summoning/Translocation      3
   b - Animate Dead                   Necromancy                   4
   c - Control Undead                 Necromancy                   4
   d - Cigotuvi's Embrace             Necromancy                   5
   e - Death Channel                  Necromancy                   6
   f - Simulacrum                     Ice/Necromancy               6
Comestibles
 c - 3 bread rations


   Skills:
 - Level 3.6 Fighting
 + Level 8.4 Axes
 - Level 2.1 Armour
 - Level 0.7 Dodging
 + Level 2.2 Stealth


You had 5 spell levels left.
You didn't know any spells.

Dungeon Overview and Level Annotations

Branches:
Dungeon (3/15)

Altars:

Annotations:
D:3 baghtru's ghost, amateur HOFi


Message History

You hit baghtru's ghost. You burn baghtru's ghost.
Baghtru's ghost is heavily damaged.
Baghtru's ghost hits you!
* * * LOW HITPOINT WARNING * * *
Baghtru's ghost closely misses you.
Drink which item? (? for menu, Esc to quit)
It was a potion of berserk rage.
A red film seems to cover your vision as you go berserk!
You feel yourself moving faster!
You feel mighty!
Xom thinks this is hilarious!
Baghtru's ghost hits you!
* * * LOW HITPOINT WARNING * * *
You feel a strong urge to attack something.
You feel your anger subside.
You are no longer berserk.
You are exhausted.
You feel yourself slow down.
Baghtru's ghost says, "I'll split you in two!"
Baghtru's ghost hits you.
You die...
Xom titters!

#.......... , #.......... *
###### #........#. , , #....#
#.#........ * * #.##.##
#.##...###. *,*
#.#####.#...### # ##.## #. *
#.............< #.# #. *>*
***#.#...#** ##.## #. #.##@#*
#...###. *.# #.##W# #.#..##.
#.# #.##.# #....##. ##.##*
*** #.##.##########....#.
#...,,
,,..##.##.............. #..#
***** ####.##.###.###..#.#.
#..# ###...^# #.....###..
##..##########.###..###.##.##
#.
..............#.##......#W##
#.


You could see baghtru's ghost.

Vanquished Creatures
  Sigmund (D:2)
  Ijyb (D:2)
  4 adders
  An ooze (D:2)
  2 worms (D:2)
  2 dart slugs
  3 giant geckos (D:1)
  3 ball pythons
  4 giant cockroaches
  8 goblins
  5 hobgoblins
  8 jackals (D:1)
  A quokka (D:2)
  8 bats
  2 giant newts
  8 kobolds
  3 rats (D:1)
64 creatures vanquished.

Notes
Turn   | Place    | Note
--------------------------------------------------------------
     0 | D:1      | Eukament the Hill Orc Chaos Knight began the quest for the Orb.
     0 | D:1      | Reached XP level 1. HP: 19/19 MP: 1/1
    33 | D:1      | XOM: silly message
    58 | D:1      | Reached XP level 2. HP: 13/26 MP: 2/2
    67 | D:1      | XOM: stat loss: -1 Str (13/14)
   171 | D:1      | XOM: harmless Hex miscast
   342 | D:1      | Reached skill level 5 in Axes
   410 | D:1      | XOM: severe Ice miscast
   709 | D:1      | Reached XP level 3. HP: 25/31 MP: 3/3
   962 | D:1      | XOM: noise
  1221 | D:1      | XOM: colour smoke trail
  1249 | D:1      | XOM: mild Trmt miscast
  1326 | D:2      | Reached skill level 6 in Axes
  1360 | D:2      | Reached XP level 4. HP: 32/39 MP: 4/4
  1438 | D:2      | XOM: stat loss: -1 Int (11/12)
  1463 | D:2      | Reached skill level 1 in Stealth
  1531 | D:2      | Noticed Ijyb
  1543 | D:2      | Killed Ijyb
  1688 | D:2      | XOM: smoke on damage
  1711 | D:2      | Reached XP level 5. HP: 45/45 MP: 5/5
  1719 | D:2      | Noticed Sigmund
  1721 | D:2      | XOM: confusion
  1722 | D:2      | XOM: swap monsters
  1735 | D:2      | Killed Sigmund
  1735 | D:2      | Reached skill level 8 in Axes
  1735 | D:2      | Reached XP level 6. HP: 49/51 MP: 6/6
  1988 | D:2      | XOM: mild Divn miscast
  2044 | D:3      | XOM: divination: magic mapping
  2153 | D:3      | Noticed baghtru's ghost (amateur HOFi)
  2155 | D:3      | XOM: 2-stop teleportation journey
  2183 | D:3      | XOM: medium Fire miscast
  2269 | D:3      | XOM: enchant monster (good)
  2312 | D:3      | Slain by baghtru's ghost

Skill      XL: |  1  2  3  4  5 |
---------------+----------------+-----
Axes           | 5 6 8 |  8.4
Stealth        | 1 2 |  2.2
Fighting       | |  3.6
Armour         | |  2.1
Dodging        | |  0.7

Action                   |  1- 3 |  4- 6 || total
-------------------------+-------+-------++-------
Melee: Hand axe          |   131 |    75 ||   206
  Use: Scroll            |     4 |     2 ||     6
       Potion            |       |     2 ||     2
 Stab: Paralysed         |     2 |       ||     2
       Sleeping          |     1 |     1 ||     2
       Petrifying        |     1 |       ||     1
       Petrified         |     1 |       ||     1
       Confused          |       |     1 ||     1
  Eat: Pizza             |     1 |       ||     1
       Fruit             |       |     5 ||     5
       Meat ration       |       |     1 ||     1
Armor: Leather armour    |    73 |    16 ||    89
       Ring mail         |       |    14 ||    14
Dodge: Dodged            |   104 |    32 ||   136
